Description

This is a very standard ZvT, it focuses on safety while maintaining the ability to transition into any timing attack or greedy play.
This build is made from a combination of builds I've seen, I believe this is the best variation of Eco Zerg
Key things to note: - 3:30 scout with an Ovie. BE SURE TO MAKE EXTRA OVERLORD AT HOME
- At aprox 42 supply if you see hellions, make about 12 lings.
- If you scout 2-1-1. 3:45 Evo and +1 cara, defend initial push and get 60 drones, then mass units. 5 extractors for LBH, 6 for LBMuta
If you want to practice aim for 130 supply by the 7 Minute mark.
This uses similar timings to Lambo's Overlord speed build, He's a much better player than me so his build may be better for you if you are having trouble scouting.
Late Game Goals -Ling Bane Hydra Ultra vs Bio. Corrupters are optional -Ling Bane Hydra SH Viper vs Mech until Broods

Build Order

Why is there no SALT encoding or Overwolf build?

  12  0:01  Drone  
  13  0:12  Overlord  
  13  0:17  Drone  
  14  0:31  Drone x3  
  17  0:52  Hatchery  
  17  0:55  Drone x2  
  18  1:08  Extractor  
  17  1:12  Spawning Pool  
  17  1:16  Drone x2  
  18  1:29  Drone  
  19  1:39  Overlord  
  19  1:49  Drone  
  20  2:00  Queen x2  
  20  2:01  Zergling x4  
  26  2:11  Metabolic Boost  2 Drones off gas
  26  2:15  Drone x2  
  28  2:29  Hatchery  
  27  2:34  Drone x3  
  30  2:46  Queen  
  32  2:52  Queen  
  34  2:59  Overlord x2  
  34  3:12  Drone x2  
  36  3:21  Drone x6  
  42  3:20  Action  At this point, if you spot hellions make 12 lings after you start this queen.
  42  3:27  Queen  
    3:30  Action  Scout main with Ovie
  45  3:34  Drone x2  
  47  3:44  Queen  
  47  3:46  Overlord x2  
  49  4:00  Lair, Queen  +2 Drones back on gas
  49  4:02  Drone x5  
  49  4:15  Extractor x2  
  53  4:16  Drone x8  
  59  4:15  Baneling Nest  
  61  4:35  Drone x7  
  61  4:37  Overlord  
  63  4:42  Drone x3  
  70  4:53  Drone x4  
  70  4:59  Drone x3  
  76  5:00  Evolution Chamber x2, Extractor  If vs'ing Bio, melee/carapace if Mech range/carapace
  76  5:05  Centrifical Hooks  
  74  5:08  Drone x4  
  76  5:34  Zerg Melee Weapons Level 1, Zerg Ground Armor Level 1, Extractor  
  80  6:00  Hydralisk Den, Hatchery x2  4th base + Macro hatch (Start 2nd queen in Main)
  91  6:30  Hydralisk x12, Grooved Spines  If pushing get speed instead
  130  7:00  Infestation Pit  
Spawning Tool Build Advisor. Get it on Overwolf

Go to:

Details

  • Created by: Naberius
  • Published on: Aug 31, 2018
  • Modified on: Sep 01, 2018
  • Patch: 4.0.0
Show

Export as new Build Order

Comments (0)

There are no comments. Be the first!

Create an account to comment!